 Dungeon Crawl Stone Soup version 0.29-a0-1043-g569b05d6ff (webtiles) character file.

Game seed: 3994901661276090880

389 jfcaron the Gusty (level 7, -1/50 HPs)
             Began as a Meteoran Wanderer on Aug 15, 2022.
             Slain by a kobold brigand
             ... wielding a +0 short sword of venom
              (8 damage)
             ... on level 4 of the Dungeon.
             The game lasted 00:10:28 (2298 turns).

jfcaron the Gusty (Meteoran Wanderer)               Turns: 2298, Time: 00:10:29

Health: -1/50      AC:  6    Str: 15    XL:     7   Next: 29%
Magic:  2/11       EV: 12    Int: 13    God:
Gold:   264        SH:  0    Dex: 15    Spells: 4/10 levels left

rFire   + . .      SeeInvis +   k - +2 short sword (venom)
rCold   . . .      Faith    .   (no shield)
rNeg    . . .      Spirit   .   z - +2 robe of the Saviour {Rampage Slay+2}
rPois   .          Reflect  .   (no helmet)
rElec   .          Harm     .   (no cloak)
rCorr   .          Rampage  +   i - +0 pair of gloves
Will    .....                   w - +0 pair of boots
Stlth   +.........              (no amulet)
HPRegen 0.16/turn               v - ring of see invisible
MPRegen 0.12/turn               A - ring of protection from fire

@: lethally poisoned (-1 -> -18), very slightly contaminated, glowing
A: sense surroundings 1, otherworldly, glowing, explore regen
a: no special abilities


You were on level 4 of the Dungeon.
You visited 1 branch of the dungeon, and saw 4 of its levels.
You also visited: Sewer.

You collected 264 gold pieces.

Inventory:

Hand Weapons
 a - a +0 dagger
 k - a +2 short sword of venom (weapon)
 B - a +0 antimagic trident
 K - a +1 dagger of venom
Missiles
 o - a throwing net {!f}
 t - 3 datura-tipped darts {!f}
 y - 14 stones
Armour
 i - a +0 pair of gloves (worn)
 w - a +0 pair of boots (worn)
 z - the +2 robe of the Saviour (worn) {Rampage Slay+2}
   (You found it on level 3 of the Dungeon)

   Slay:      It affects your accuracy & damage with ranged weapons and melee
   (+2).
   Rampage:   It bestows one free step when moving towards enemies.
 D - a +0 troll leather armour {Pargi}
Jewellery
 f - a ring of ice
 v - a ring of see invisible (left hand)
 A - a ring of protection from fire (right hand)
Wands
 c - a wand of mindburst (7)
 r - a wand of roots (12)
 x - a wand of acid (7)
 F - a wand of digging (4)
Scrolls
 d - a scroll of blinking
 h - a scroll of fog
 j - 3 scrolls of immolation
 m - 2 scrolls of fear
 n - a scroll of teleportation
 s - a scroll of brand weapon {unknown}
 C - 2 scrolls of enchant weapon
 J - 3 scrolls of amnesia
 L - a scroll of identify
Potions
 b - 3 potions of curing
 e - 4 potions of might
 g - 5 potions of heal wounds
 l - 2 potions of lignification
 p - a potion of brilliance
 q - 3 potions of mutation
 u - a potion of resistance
 E - a potion of berserk rage
 G - a potion of cancellation {unknown}
 H - 3 potions of degeneration
 I - 2 potions of attraction {unknown}


   Skills:
 - Level 3.0 Armour
 - Level 2.0 Dodging
 - Level 1.4 Stealth
 - Level 2.0 Spellcasting
 + Level 4.5 Conjurations
 - Level 1.2 Summonings
 - Level 5.0 Air Magic
 + Level 4.4 Poison Magic


You had 4 spell levels left.
You knew the following spells:

 Your Spells              Type           Power      Damage    Failure   Level
a - Shock                 Conj/Air       52%        1d6       3%          1
b - Poisonous Vapours     Pois/Air       26%        N/A       5%          2
c - Mephitic Cloud        Conj/Pois/Air  13%        N/A       12%         3

Your spell library contained the following spells:

 Spells                   Type           Power      Damage    Failure   Level
 Summon Small Mammal      Summ           16%        N/A       16%         1
 Summon Guardian Golem    Hex/Summ       2%         N/A       52%         3


Dungeon Overview and Level Annotations

Branches:
Dungeon (4/15) Zot: 168     Sewer (visited)
 Temple: D:4-7

Altars:
Wu Jian
Yredelemnul


Innate Abilities, Weirdness & Mutations

You passively map a small area around you.
You are easily found by Zot.
You glow in the dark.
You regain HP and MP as you explore.


Message History

You feel sick.
The kobold brigand hits you with a +0 short sword of venom.
You are more poisoned.
You closely miss the kobold brigand.
The kobold brigand is moderately wounded.
You feel very sick.
The kobold brigand hits you with a +0 short sword of venom.
You are more poisoned.
The kobold brigand barely misses you.
You closely miss the kobold brigand.
The kobold brigand is heavily wounded.
You feel very sick.
The kobold brigand hits you with a +0 short sword of venom.
You are lethally poisoned!
You closely miss the kobold brigand.
The kobold brigand is heavily wounded.
You feel very sick.
The kobold brigand hits you with a +0 short sword of venom.
You are more poisoned.
Casting: Shock (safe; 3% risk of failure)
Confirm with . or Enter, or press ? or * to list all spells.
Aiming: Shock (safe; 3% risk of failure)
Press: ? - help, Shift-Dir - straight line, f/p - kobold brigand
Aim: a kobold brigand, wielding a +0 short sword of venom and quivering poisoned darts (heavily wounded, very poisoned, 60% to hit)
You miscast Shock.
You are very lightly contaminated with residual magic.
Nothing appears to happen.
* * * LOW HITPOINT WARNING * * *
You feel very sick. The kobold brigand barely misses you.
Casting: Shock (safe; 3% risk of failure)
Confirm with . or Enter, or press ? or * to list all spells.
Aiming: Shock (safe; 3% risk of failure)
Press: ? - help, Shift-Dir - straight line, f/p - kobold brigand
Aim: a kobold brigand, wielding a +0 short sword of venom and quivering poisoned darts (heavily wounded, poisoned, 60% to hit)
The zap misses the kobold brigand.
* * * LOW HITPOINT WARNING * * *
You feel very sick.
The kobold brigand hits you with a +0 short sword of venom!
You die...

'###'#..#.# **,,,,,,,**
.....#..#.# *,,,,,,,,,*
##'##'##+.# *,,,.,,,,,*
..#.....### *.......,,*
..#..)..# *>......,,**
##'##'### ####.......,,,*
......##########..........,,,*
.................##.......,,,*
.#..###......>..@K........,,**
................###.......,,*
................#.........,,*
####.#..#....###..##....[.,**
####.#.......# #.##**.....**
#.......#....###.# **###.*
.......#.....#...# *,*
...............### *,*
#.............#* *,*


You could see a kobold brigand (poisoned).

Vanquished Creatures
  Pargi (Sewer)
  A necrophage (D:4)
  2 orc priests (D:4)
  2 iguanas (D:4)
  2 orc wizards (D:4)
  An adder (D:3)
  A worm (D:4)
  A dart slug (D:1)
  2 orcs (D:4)
  9 ball pythons
  7 bats
  A giant cockroach (D:4)
  6 goblins
  3 hobgoblins (D:1)
  5 quokkas
  7 kobolds
  9 rats
  A plant (D:3)
61 creatures vanquished.

Notes
Turn   | Place    | Note
-------+----------+-------------------------------------------
     0 | D:1      | jfcaron the Meteoran Wanderer began the quest for the Orb.
     0 | D:1      | jfcaron set off with the following items: a +0 dagger, a
                  | potion of curing, a +0 scale mail; and the following spells
                  | available to memorise: Shock, Summon Small Mammal,
                  | Poisonous Vapours, Mephitic Cloud, Summon Guardian Golem.
     0 | D:1      | Reached XP level 1. HP: 14/14 MP: 3/3
     2 | D:1      | Learned a level 1 spell: Shock
    33 | D:1      | Found a faded altar of an unknown god.
    49 | D:1      | Reached XP level 2. HP: 14/20 MP: 3/5
   346 | D:1      | Reached skill level 1 in Conjurations
   365 | D:1      | Reached XP level 3. HP: 21/26 MP: 4/6
   372 | D:1      | Learned a level 2 spell: Poisonous Vapours
   499 | D:1      | Glimpsed the power of Zot.
   781 | D:2      | Found an ornate altar of the Wu Jian Council.
  1099 | D:2      | Glimpsed the power of Zot.
  1187 | D:3      | Reached skill level 4 in Air Magic
  1371 | D:3      | Learned a level 3 spell: Mephitic Cloud
  1391 | D:3      | Identified the +2 robe of the Saviour {Rampage Slay+2}
  1553 | D:3      | Reached skill level 1 in Poison Magic
  1553 | D:3      | Reached XP level 4. HP: 30/33 MP: 4/8
  1684 | D:3      | Glimpsed the power of Zot.
  1728 | D:4      | Noticed a necrophage
  1739 | D:4      | Killed a necrophage
  1740 | D:4      | Reached XP level 5. HP: 13/38 MP: 2/9
  1818 | D:4      | Found a glowing drain.
  1840 | Sewer    | Entered a sewer
  1863 | Sewer    | Noticed Pargi
  1877 | Sewer    | Killed Pargi
  1878 | Sewer    | Reached skill level 5 in Air Magic
  1878 | Sewer    | Reached XP level 6. HP: 39/45 MP: 0/10
  2066 | D:4      | Found a basalt altar of Yredelemnul.
  2105 | D:4      | Reached XP level 7. HP: 28/50 MP: 2/11
  2298 | D:4      | HP: 7/50 [poisoned by a kobold brigand]
  2298 | D:4      | Slain by a kobold brigand

Illustrated notes

Levels and vault maps discovered:
D:1:      dpeg_arrival_morbid_curiosity, layout_loops_ring,
          dreamdust_ecumenical_altar_grove
D:2:      layout_basic, basic_altar, minmay_small_reverse_x
D:3:      layout_rooms, saegor_snake_ambush
D:4:      layout_rooms, mainiacjoe_overflow_24_doors, portal_sewer_entry_b

Skill      XL: |  1  2  3  4  5  6 |
---------------+-------------------+-----
Conjurations   | 1 2 3 4 |  4.5
Dodging        | 2 |  2.0
Spellcasting   | 2 |  2.0
Air Magic      | 4 5 |  5.0
Armour         | 3 |  3.0
Poison Magic   | 1 2 3 4 |  4.4
Stealth        | |  1.4
Summonings     | |  1.2

Action                   |  1- 3 |  4- 6 |  7- 9 || total
-------------------------+-------+-------+-------++-------
Melee: Dagger            |    68 |       |       ||    68
       Punch             |     2 |       |       ||     2
       Short sword       |     6 |    13 |     4 ||    23
Throw: Stone             |    14 |       |       ||    14
       Dart              |     2 |       |       ||     2
 Cast: Shock             |    23 |    51 |    10 ||    84
       Poisonous Vapours |       |     2 |     3 ||     5
Evoke: Wand              |       |     2 |     4 ||     6
  Use: Scroll            |       |    15 |       ||    15
Armor: Scale mail        |    38 |       |       ||    38
       Ring mail         |     3 |       |       ||     3
       Robe              |     1 |    14 |       ||    15
Dodge: Dodged            |    47 |    25 |     4 ||    76

Table legend: (Time is in decaauts)
 A = Elapsed time spent in this place.
 B = Non-inter-level travel time spent in this place.
 C = Inter-level travel time spent in this place.
 D = Time resting spent in this place.
 E = Time spent auto-exploring this place.
 F = Levels seen in this place.
 G = Mean time per level.
                   A        B        C        D        E       F      G
               +--------+--------+--------+--------+--------+-----+--------+
         Total |   2316 |   2159 |    157 |      0 |   1536 |   5 |  463.2 |
       Dungeon |   2230 |   2073 |    157 |      0 |   1536 |   4 |  557.5 |
         Sewer |     86 |     86 |      0 |      0 |      0 |   1 |   86.0 |
               +--------+--------+--------+--------+--------+-----+--------+

Top non-repeatable levels by time:
     D:2: 635 daAuts
     D:3: 591 daAuts
     D:1: 505 daAuts
     D:4: 498 daAuts
   Sewer: 86 daAuts
